cohdb
Replays
Latest Replays
All Replays
Popular Replays
Top Player Replays
Match Explorer
How It Works
Community
CoH3 Stats
Reddit
Sign in to upload your games and track your stats! →
Sign in with Steam
Match 43115004
Unlisted
Match 43115004
Overview
Messages
Build Orders
End
Vickers Machine Gun Team
Construct Section Command Post
Dingo Light Scout Car
Infantry Section
Infantry Section
Selects Canadian Shock Battlegroup
Selects Attacking Spirit
Construct Platoon Command Post
Selects Incendiary Munitions
Humber Armored Car
Grenade Package
6-pounder Anti-tank Gun Team
Ra11
DangerouslyDumb
Ooga Boogatti
aSIINiedi
Alpenmann
TheSphinx
LeVisir
ChuckleBerry
0
0
Comments
sign in to comment!
No comments posted yet!